Map: Submarine LE

Players

Stats

  • Race: Protoss Protoss
  • Spawn Location: 11:00

AgoElazer (Elazer) - Winner!

  • Race: Zerg Zerg
  • Spawn Location: 5:00

Event: TSL 6

VOD

Have the link to the VOD?

Description

Time

  • Played on: Dec. 12, 2020, 11:28 a.m.
  • Length: 9:03

All games in this series

Show
View Real Time Build Order
Export as new Build Order

Stats Protoss 

Build Orders: Mass Adepts 

Get SALT Encoding   

  12  0:00  Probe  
  13  0:13  Pylon  
  13  0:17  Probe (Chrono Boost)  
  14  0:27  Probe (Chrono Boost)  
  15  0:32  Probe (Chrono Boost)  
  16  0:40  Gateway  
  16  0:44  Probe  
  16  0:47  Assimilator  
  17  0:56  Probe  
  18  1:08  Probe  
  19  1:20  Probe  
  19  1:22  Pylon  
  20  1:26  Pylon  
  20  1:27  Zealot (Chrono Boost)  
  20  1:29  Cybernetics Core  
  22  1:35  Probe  
  22  1:46  Zealot (Chrono Boost)  
  22  1:47  Probe  
  25  2:06  Nexus  
  25  2:10  Adept (Chrono Boost)  
  25  2:14  Warp Gate  
  27  2:19  Pylon  
  27  2:37  Adept  
  27  2:38  Probe  
  26  2:50  Probe  
  27  2:51  Assimilator  
  27  2:52  Pylon  
  27  3:02  Probe  
  28  3:07  Adept  
  30  3:14  Gateway  
  30  3:15  Probe (Chrono Boost)  
  30  3:19  Probe (Chrono Boost)  
  32  3:26  Probe (Chrono Boost)  
  33  3:28  Probe (Chrono Boost)  
  33  3:31  Probe (Chrono Boost)  
  33  3:32  Gateway  
  33  3:33  Probe (Chrono Boost)  
  36  3:42  Probe  
  36  3:45  Probe  
  38  3:53  Twilight Council  
  38  3:54  Probe  
  39  3:57  Probe  
  39  4:01  Pylon  
  40  4:09  Adept x2  
  44  4:19  Probe  
  44  4:20  Probe  
  46  4:29  Adept x2  
  46  4:30  Adept  
  52  4:31  Resonating Glaives (Chrono Boost)  
  52  4:32  Probe x2  
  54  4:40  Pylon  
  54  4:44  Probe x2  
  54  4:45  Pylon  
  54  4:47  Assimilator  
  54  4:51  Adept x2  
  58  4:54  Adept  
  60  5:09  Probe x2  
  60  5:12  Pylon  
  62  5:15  Adept x3  
  62  5:16  Robotics Facility  
  62  5:19  Assimilator  
  66  5:32  Probe x2  
  66  5:35  Adept x2  
  68  5:36  Adept  
  58  5:54  Probe x2  
  58  5:57  Adept x3  
  64  6:07  Nexus  
  64  6:09  Pylon  
  64  6:11  Immortal (Chrono Boost)  
  68  6:18  Shield Battery  
  68  6:23  Sentry x2  
  68  6:24  Stalker  
  74  6:30  Shield Battery  
  74  6:40  Phoenix  
  74  6:43  Gateway x2, Probe x2  
  74  6:46  Immortal  
  80  6:52  Sentry  
  80  6:53  Sentry  
  84  7:00  Stalker  
  86  7:02  Probe x2  
  86  7:05  Forge  
  88  7:14  Probe x2  
  90  7:20  Probe  
  91  7:27  Phoenix  
  91  7:28  Probe x2  
  93  7:31  Immortal  
  93  7:32  Probe (Chrono Boost)  
  98  7:38  Pylon  
  98  7:41  Templar Archives, Probe x2 (Chrono Boost)  
  98  7:44  Probe (Chrono Boost)  
  101  7:49  Shield Battery, Pylon  
  102  7:52  Probe x2 (Chrono Boost)  
  102  7:53  Probe (Chrono Boost)  
  104  8:06  Assimilator  
  104  8:07  Probe x3  
  104  8:08  Assimilator  
  107  8:18  Immortal  
  111  8:21  Gateway  
  111  8:23  Gateway  
  111  8:24  Gateway  
  111  8:28  Shield Battery  
  111  8:30  Shield Battery  
  109  8:36  Stalker x3  
  113  8:46  Stalker x2  
Show
View Real Time Build Order
Export as new Build Order

AgoElazer Zerg - Winner!

Build Orders: Pool First 

Get SALT Encoding   

  12  0:16  Spawning Pool  
  11  0:21  Drone  
  11  0:26  Drone  
  13  0:30  Drone  
  14  0:39  Overlord  
  14  1:03  Zergling x4, Queen  
  18  1:05  Zergling x2  
  19  1:16  Zergling x2  
  20  1:34  Zergling x2  
  21  1:40  Hatchery  
  21  1:42  Overlord  
  20  1:48  Drone  
  21  2:00  Drone  
  22  2:01  Queen  
  24  2:10  Drone  
  24  2:17  Drone x3  
  27  2:29  Drone  
  28  2:40  Drone  
  28  2:43  Queen  
  30  2:46  Overlord  
  30  2:52  Drone x3  
  30  2:55  Drone  
  34  3:01  Extractor  
  34  3:04  Drone x2  
  35  3:13  Drone x3  
  38  3:21  Hatchery  
  38  3:25  Zergling x2  
  38  3:26  Drone x2  
  40  3:39  Overlord  
  40  3:40  Drone x2  
  42  3:44  Drone  
  42  3:45  Drone  
  44  3:53  Overlord  
  44  3:57  Queen  
  44  3:59  Zergling x6  
  44  4:00  Drone x2  
  51  4:04  Overlord  
  51  4:11  Queen  
  51  4:12  Metabolic Boost  
  51  4:14  Zergling x2  
  54  4:20  Drone x3  
  54  4:21  Drone  
  58  4:26  Overlord  
  58  4:29  Drone x2  
  60  4:35  Queen  
  62  4:39  Zergling x6  
  62  4:44  Overlord  
  65  4:47  Roach Warren  
  65  4:51  Drone x2  
  66  4:56  Zergling x6  
  69  5:05  Zergling x12  
  75  5:08  Queen  
  75  5:12  Queen  
  77  5:19  Zergling x2  
  77  5:20  Zergling x4  
  80  5:31  Roach x5  
  85  5:39  Roach x3  
  82  5:45  Zergling x6  
  83  5:58  Overlord  
  83  5:59  Lair, Drone x4  
  83  6:01  Extractor  
  83  6:02  Extractor  
  85  6:09  Overlord  
  85  6:10  Roach  
  87  6:12  Overlord  
  87  6:15  Drone  
  87  6:17  Queen  
  88  6:19  Drone x3  
  88  6:21  Drone  
  88  6:23  Extractor, Drone  
  88  6:25  Drone  
  93  6:28  Overlord  
  93  6:29  Drone x2  
  93  6:30  Extractor  
  94  6:34  Drone x4, Evolution Chamber  
  94  6:36  Drone  
  94  6:39  Overlord  
  98  6:44  Overlord  
  98  6:46  Drone x2  
  100  6:48  Drone x2  
  100  6:52  Overlord  
  102  6:56  Glial Reconstitution  
  102  6:57  Roach  
  102  6:59  Zerg Missile Weapons Level 1  
  102  7:01  Roach x4  
  112  7:08  Overlord  
  112  7:11  Roach  
  112  7:12  Roach, Overseer  
  116  7:17  Hatchery  
  116  7:19  Roach x5  
  125  7:29  Overlord  
  123  7:31  Roach x7  
  123  7:33  Extractor  
  123  7:36  Overlord x2  
  136  7:43  Roach x4  
  144  7:49  Roach x3  
  150  7:51  Overlord  
  150  7:53  Overseer  
  150  7:58  Overlord, Ravager x2  
  152  8:01  Roach x2  
  152  8:03  Roach  
  158  8:10  Roach x4  
  165  8:13  Zergling x2  
  165  8:14  Zergling x4  
  165  8:16  Ravager  
  169  8:20  Ravager  
  169  8:23  Zergling x2, Ravager  
  169  8:24  Zergling x8  
  176  8:29  Ravager  
  176  8:33  Ravager  
  177  8:40  Zergling x20  
Tags
 
Composition
Mass Adepts
Event
TSL 6
Matchup
PvZ
Opening
Pool First
Spawn Locations
Cross Positions
Add a new tag
Caveats
  • Supply blocks, unpowered buildings, or Contaminate may cause inaccurate times.
  • Supply counts are checked every 10 seconds.